 Dungeon Crawl Stone Soup version 0.23-a0-573-g25f4479 (webtiles) character file.

983 KnightedAnt the Shield-Bearer (level 8, -1/64 HPs)
             Began as a Formicid Fighter on Dec 13, 2018.
             Slain by an orc warrior
             ... wielding a +0 war axe
              (11 damage)
             ... on level 6 of the Dungeon.
             The game lasted 00:13:12 (5477 turns).

KnightedAnt the Shield-Bearer (Formicid Fighter)    Turns: 5477, Time: 00:13:13

Health: -1/64      AC: 11    Str: 23    XL:     8   Next: 40%
Magic:  8/8        EV:  7    Int:  8    God:
Gold:   267        SH: 13    Dex: 10    Spells: 7/7 levels left

rFire    . . .     SeeInvis +   a - +0 long sword
rCold    . . .     Gourm    .   c - +0 shield
rNeg     . . .     Faith    .   o - +1 chain mail {MR+}
rPois    .         Spirit   .   (helmet unavailable)
rElec    .         Reflect  +   (no cloak)
rCorr    .         Harm     .   (no gloves)
MR       +....                  (no boots)
Stlth    ..........             j - +3 amulet of reflection
HPRegen  0.20/turn              (no ring)
MPRegen  0.11/turn              (no ring)

@: no status effects
A: permanent stasis, dig shafts and tunnels, four strong arms, antennae 3
a: Dig, Shaft Self


You were on level 6 of the Dungeon.
You were not hungry.

You visited 1 branch of the dungeon, and saw 7 of its levels.

You collected 267 gold pieces.

Inventory:

Hand Weapons
 a - a +0 long sword (weapon)
Missiles
 l - 198 stones (quivered)
Armour
 c - a +0 shield (worn)
 o - a +1 chain mail of magic resistance (worn)
Jewellery
 j - a +3 amulet of reflection (around neck)
 w - an uncursed ring of see invisible {unknown}
 x - an uncursed ring of flight {unknown}
Wands
 b - a wand of random effects (23)
Scrolls
 d - a scroll of enchant weapon {unknown}
 g - 7 scrolls of identify {unknown}
 h - a scroll of immolation {unknown}
 i - a scroll of magic mapping {unknown}
 r - 5 scrolls of remove curse {unknown}
 t - a scroll of fog {unknown}
 u - a scroll of fear {unknown}
 v - a scroll of random uselessness {unknown}
Potions
 e - a potion of haste {unknown}
 k - 4 potions of curing {unknown}
 m - 2 potions of flight {unknown}
 n - a potion of agility {unknown}
 p - 2 potions of magic {unknown}
 q - 3 potions of brilliance {unknown}
 s - a potion of resistance {unknown}
Comestibles
 f - 8 rations
 z - 8 chunks of flesh


   Skills:
 + Level 6.0 Fighting
 + Level 5.0 Long Blades
 + Level 6.0 Armour
 + Level 6.4 Shields


You had 7 spell levels left.
You didn't know any spells.
Your spell library was empty.

Dungeon Overview and Level Annotations

Branches:
Dungeon (7/15)
 Temple: D:4-7

Altars:
Dithmenos
Makhleb
Vehumet
Xom
The Shining One


Innate Abilities, Weirdness & Mutations

You cannot be hasted, slowed, berserked, paralysed or teleported.
You can dig through walls and to a lower floor.
Your four strong arms can wield two-handed weapons with a shield.
You have a pair of large antennae on your head. (SInv)


Message History

Your chain mail prevents you from hitting the orc warrior.
The orc warrior is heavily wounded.
The orc warrior hits you with a +0 war axe!!
You hit the orc warrior.
The orc warrior is severely wounded.
The orc warrior hits you with a +0 war axe!
You closely miss the orc warrior.
The orc warrior is severely wounded.
The orc warrior hits you with a +0 war axe!
* * * LOW HITPOINT WARNING * * *
You closely miss the orc warrior.
The orc warrior is severely wounded.
The orc warrior hits you but does no damage.
Unknown command.
Found a war axe and a throwing net.
The hound stops to sniff the ground.
A hound comes into view.
The hound barks!
The orc warrior hits you with a +0 war axe!
You die...

...... .≈≈≈ .. ####### ......
#≈≈≈### .. .. ..... { #8.8.8#..
.# #.... { {+..o..... .#
###.#....# {{ #8.8.8... .#.#
##....#....## ###... ...#
#..#..#.....# #.....
######.##..#.....# ##.#...
....÷.........##@# ##..#...
##.÷÷.........ho.#####
###..##.#.
#.##...###......#...###...###.#.
##.##.........##...#.h...###
#.#. ........##....##h#########
#.#. ........##....##.# # .#
.#.#....##.#####.# ..
.#.#.......# ##.#.###
.#.#.......####..<...#


You could see an orc warrior and 2 hounds.

Vanquished Creatures
  A centaur (D:5)
  A bullfrog (D:3)
  A crimson imp (D:7)
  A hound (D:4)
  A bullfrog skeleton (D:4)
  5 orc wizards
  Jessica (D:2)
  An iguana (D:2)
  Terence (D:2)
  5 worker ants
  Robin (D:2)
  2 river rats (D:3)
  8 adders
  13 gnolls
  A shadow imp (D:4)
  2 oozes (D:3)
  4 worms
  6 dart slugs
  2 leopard geckos
  10 orcs
  10 bats
  7 giant cockroaches
  17 goblins
  14 hobgoblins
  18 jackals
  3 quokkas
  3 ball pythons
  A ball python zombie (D:5)
  8 frilled lizards
  7 kobolds
  2 leopard gecko skeletons
  8 rats
165 creatures vanquished.

Vanquished Creatures (others)
  An orc (D:4)
1 creature vanquished.

Grand Total: 166 creatures vanquished

Notes
Turn   | Place    | Note
-------+----------+-------------------------------------------
     0 | D:1      | KnightedAnt the Formicid Fighter began the quest for the
                  | Orb.
     0 | D:1      | Reached XP level 1. HP: 18/18 MP: 1/1
    56 | D:1      | Reached XP level 2. HP: 24/24 MP: 2/2
   323 | D:1      | Reached XP level 3. HP: 26/29 MP: 3/3
   941 | D:1      | Reached XP level 4. HP: 29/37 MP: 4/4
  1053 | D:2      | Noticed Robin
  1086 | D:2      | Killed Robin
  1570 | D:2      | Reached XP level 5. HP: 39/42 MP: 5/5
  1621 | D:2      | Noticed Terence
  1631 | D:2      | Killed Terence
  1783 | D:2      | Noticed Jessica
  1789 | D:2      | Killed Jessica
  1992 | D:2      | Found a glowing golden altar of the Shining One.
  2084 | D:3      | Found a shadowy altar of Dithmenos.
  2162 | D:2      | Reached XP level 6. HP: 28/49 MP: 6/6
  2563 | D:3      | Reached skill level 5 in Shields
  3311 | D:3      | Found a faded altar of an unknown god.
  3326 | D:3      | Reached skill level 5 in Fighting
  3326 | D:3      | Reached skill level 5 in Armour
  3326 | D:3      | Reached XP level 7. HP: 42/56 MP: 7/7
  3755 | D:3      | Found a shimmering altar of Xom.
  4501 | D:4      | Reached XP level 8. HP: 54/63 MP: 8/8
  4867 | D:5      | Entered Level 5 of the Dungeon
  5027 | D:5      | You fall through a shaft for 2 floors!
  5132 | D:7      | Found a burning altar of Makhleb.
  5133 | D:7      | Found a radiant altar of Vehumet.
  5433 | D:6      | Reached skill level 5 in Long Blades
  5477 | D:6      | Slain by an orc warrior

Vault maps used:
D:1:      psy_arrival_radial01
D:2:      nicolae_tso_swordbearing_angel, uniq_terence, uniq_robin, uniq_jessica
D:3:      old_standard_altar, first_ration, lightli_sewer_entry_pipes,
          chequers_ecumenical_altar_simple, tgw_xom
D:5:      nicolae_overflow_hidden_temple, serial_shops, kennysheep_mini_moat,
          uniq_eustachio, uniq_sigmund, uniq_ijyb
D:6:      kennysheep_orc_sif_temple, lightli_ossuary_entry_decrepit_ruins,
          serial_curves, eino_curves_03, eino_curves_03, uniq_duvessa
D:7:      grunt_temple_overflow_lords_of_destruction,
          minmay_temple_entry_sparse_star, uniq_harold

Skill      XL: |  1  2  3  4  5  6  7  8 |
---------------+-------------------------+-----
Shields        | 4 5 6 |  6.4
Armour         | 4 5 6 |  6.0
Fighting       | 4 5 6 |  6.0
Long Blades    | 3 4 5 |  5.0

Action                   |  1- 3 |  4- 6 |  7- 9 || total
-------------------------+-------+-------+-------++-------
Melee: Long sword        |   107 |   343 |   262 ||   712
 Abil: Dig               |       |     1 |     8 ||     9
  Use: Potion            |       |     1 |       ||     1
 Stab: Distracted        |     1 |       |       ||     1
  Eat: Chunk             |       |     9 |     9 ||    18
Armor: Scale mail        |    84 |    16 |       ||   100
       Chain mail        |       |   172 |   119 ||   291
Dodge: Dodged            |    62 |    90 |    59 ||   211
Block: Shield            |    90 |   216 |   193 ||   499
       Reflection        |       |       |     7 ||     7
       Rpst.: Long sword |    25 |    27 |    20 ||    72

Table legend:
 A = Non-vault XP
 B = Vault XP
 C = Vault XP percentage of total XP
 D = Non-vault monster count
 E = Vault monster count
 F = Vault count percentage of total count
                 A         B        C        D         E       F
            +---------+---------+-------+---------+---------+-------
      Total |    1125 |     280 |  19.9 |     131 |      35 |  21.1
            +---------+---------+-------+---------+---------+-------
        D:1 |      72 |       0 |   0.0 |      39 |       0 |   0.0
        D:2 |      66 |     122 |  64.9 |      15 |      16 |  51.6
        D:3 |     237 |     110 |  31.7 |      33 |      18 |  35.3
        D:4 |     526 |       0 |   0.0 |      27 |       0 |   0.0
        D:5 |     113 |       0 |   0.0 |       4 |       0 |   0.0
        D:6 |      69 |       0 |   0.0 |      10 |       0 |   0.0
        D:7 |      42 |      48 |  53.3 |       3 |       1 |  25.0
            +---------+---------+-------+---------+---------+-------
